 Dungeon Crawl Stone Soup version 0.23-a0-408-g9d4b7ed (webtiles) character file.

64453 nikopol the Severer (level 14, -7/193 HPs)
             Began as a Minotaur Berserker on Nov 7, 2018.
             Was the Champion of Trog.
             Mangled by an orc knight
             ... wielding a +0 dire flail
              (28 damage)
             ... on level 2 of the Orcish Mines on Nov 8, 2018.
             The game lasted 00:50:51 (20775 turns).

nikopol the Severer (Minotaur Berserker)           Turns: 20775, Time: 00:50:52

Health: -7/193     AC:  9    Str: 32    XL:     14   Next: 71%
Magic:  4/4        EV: 16    Int:  7    God:    Trog [******]
Gold:   1988       SH:  5    Dex: 16    Spells: 13/13 levels left

rFire    . . .     SeeInvis .   a - +3 broad axe (antimagic)
rCold    . . .     Gourm    .   (no shield)
rNeg     + . .     Faith    .   S - +5 ring mail of Existentialism {rN+ MR+}
rPois    .         Spirit   .   U - +0 hat {Int+3}
rElec    .         Reflect  +   J - +2 cloak {+Inv}
rCorr    .         Harm     .   (no gloves)
MR       +++..                  y - +2 pair of boots
Stlth    ..........             C - +5 amulet of reflection
HPRegen  0.42/turn              W - ring "Qimom" {MR+ Str+2 Dex+4}
MPRegen  0.09/turn              g - +3 ring of protection

@: berserking, corroded, starving, very quick
A: retaliatory headbutt, horns 2
a: Berserk, Trog's Hand, Brothers in Arms, Renounce Religion, Evoke Invisibility


You were on level 2 of the Orcish Mines.
You worshipped Trog.
Trog was exalted by your worship.
You were starving.

You visited 3 branches of the dungeon, and saw 19 of its levels.
You also visited: Sewer and Ossuary.

You collected 2078 gold pieces.
You spent 90 gold pieces at shops.

Inventory:

Hand Weapons
 a - a +3 antimagic broad axe (weapon)
 z - a +4 shortbow of velocity
 A - a +1 antimagic battleaxe
 K - a +1 longbow of flaming
 R - a +2 antimagic executioner's axe
Missiles
 l - 367 arrows
Armour
 y - a +2 pair of boots (worn)
 J - a +2 cloak of invisibility (worn)
 P - the +2 ring mail "Mitof" {rC+ MR+}
   (You found it on level 10 of the Dungeon)

   It protects you from cold.
   It affects your resistance to hostile enchantments.
 S - the +5 ring mail of Existentialism (worn) {rN+ MR+}
   (You found it on level 11 of the Dungeon)

   It protects you from negative energy.
   It affects your resistance to hostile enchantments.
 U - a +0 hat of intelligence (worn)
Jewellery
 g - a +3 ring of protection (right hand)
 t - the cursed necklace of Bloodlust {*Rage +Rage MR++ Int-3 Slay+6 *Curse}
   (You found it on level 6 of the Lair of Beasts)

   [amulet of rage]

   It affects your intelligence (-3).
   It affects your accuracy and damage with ranged weapons and melee attacks
   (+6).
   It affects your resistance to hostile enchantments.
   It lets you go berserk.
   It may make you go berserk in combat.
   It curses itself when equipped.
   It has a curse placed upon it.
 C - a +5 amulet of reflection (around neck)
 W - the ring "Qimom" (left hand) {MR+ Str+2 Dex+4}
   (You found it on level 3 of the Lair of Beasts)

   [ring of strength]

   It affects your strength (+2).
   It affects your dexterity (+4).
   It affects your resistance to hostile enchantments.
Wands
 B - a wand of digging (12)
 G - a wand of iceblast (18)
 H - a wand of polymorph (6)
 I - a wand of acid (20)
 L - a wand of disintegration (27)
 M - a wand of enslavement (16)
 Q - a wand of clouds (8)
 V - a wand of paralysis (18)
Scrolls
 d - 8 scrolls of remove curse
 e - a scroll of blinking
 i - 3 scrolls of identify
 m - 20 scrolls of teleportation
 p - 4 scrolls of fog
 r - 4 scrolls of fear
 D - 2 scrolls of enchant weapon
 O - 2 scrolls of enchant armour
Potions
 b - 5 potions of magic
 f - a potion of cancellation {unknown}
 h - 6 potions of lignification
 j - 13 potions of curing
 n - 5 potions of berserk rage {unknown}
 o - 4 potions of might {unknown}
 q - 2 potions of invisibility {unknown}
 s - 12 potions of heal wounds
 u - 4 potions of brilliance {unknown}
 v - 7 potions of haste {unknown}
 w - 2 potions of resistance
 x - 2 potions of flight {unknown}
 Z - a potion of agility
Comestibles
 c - 43 rations


   Skills:
 + Level 13.2 Fighting
 * Level 18.1 Axes
 * Level 15.6 Bows
 + Level 9.3 Armour
 + Level 7.1 Dodging
 + Level 1.9 Stealth


You had 13 spell levels left.
You didn't know any spells.
Your spell library was empty.

Dungeon Overview and Level Annotations

Branches:
Dungeon (11/15)            Temple (0/1) D:7            Lair (6/6) D:11
  Swamp (0/4) Lair:2        Snake (0/4) Lair:3        Slime (0/5) Lair:5
    Orc (2/2) D:11            Elf (0/3) Orc:2

Altars:
Ashenzari
Trog
Jiyva

Shops:
D:4 *   D:10 =   Orc:1 }   Orc:2 ?%


Innate Abilities, Weirdness & Mutations

You reflexively headbutt those who attack you in melee.
You have a pair of horns on your head.


Message History

The orc knight is moderately wounded.
You completely miss the orc high priest.
You slash the chaos spawn!
The red devil hits you from afar with a +0 trident!
* * * LOW HITPOINT WARNING * * *
You miss the orc high priest.
You hit the orc knight but do no damage.
You slash the chaos spawn!
You kill the chaos spawn!
The chaos spawn degenerates into a cloud of primal chaos!
The orc high priest completely misses you.
You furiously retaliate!
You headbutt the orc high priest.
The hellwing swoops through the air toward you!
You block the hellwing's attack. x2; The red devil closely misses you.
You slice the orc high priest like a ripe choko!!!
Your headbutt misses the orc high priest.
The orc high priest is severely wounded.
You closely miss the orc knight. You hit the hellwing but do no damage.
The orc knight hits you with a +0 dire flail!!
You die...

.#..)..## #...... ...#..## .....
##...... .#...).## ....###.......
...#..))## #(#.###........
#....#...## #...###.........
##........## ##(o.###....).....
###..###...## ##44.###...........
.###..###...###o§o###............
..###..###...#((@###.............
...###.)###.#)#4###..............
....###).###...###...............
.....###..###.###................
......###[.#####.................
.......###[.###..................
........##.[.#...................
..........)......................
.................................


You could see an orc knight, an orc high priest, a hellwing, 2 red devils and an
orc priest.

Vanquished Creatures
  Azrael (Orc:2)
  Erolcha (Orc:2)
  5 hydras
  Erica (Lair:1)
  2 two-headed ogres (D:9)
  7 death yaks
  2 orc high priests
  2 unseen horrors (D:11)
  A lindwurm (Lair:6)
  An orc knight (Orc:2)
  2 manticores
  3 orc sorcerers (Orc:2)
  Joseph (D:8)
  6 elephants
  Maurice (D:8)
  A rust devil (Orc:2)
  6 black mambas
  Psyche (D:8)
  23 spiny frogs
  14 komodo dragons
  4 trolls
  A queen bee (D:11)
  4 tyrant leeches (Lair:6)
  A dream sheep (Lair:1)
  2 bog bodies (Lair:2)
  34 blink frogs
  6 hippogriffs
  A wraith (D:11)
  15 yaks
  A human (D:8)
  A wyvern (Lair:3)
  4 hogs (D:8)
  2 hungry ghosts
  6 vampire mosquitoes (Lair:6)
  2 fire elementals (Orc:2)
  A chaos spawn (Orc:2)
  2 wargs
  2 swamp worms (Lair:2)
  23 water moccasins
  8 porcupines
  3 hell hounds (Orc:2)
  4 black bears
  31 orc warriors
  4 ice beasts
  2 phantoms
  6 sky beasts
  9 ogres
  12 wolves (Lair:6)
  11 centaurs
  14 crocodiles
  2 big kobolds
  18 bullfrogs
  A wyvern zombie (D:11)
  A water moccasin zombie (Ossuary)
  9 scorpions
  A water moccasin skeleton (D:7)
  30 killer bees
  4 wights (D:10)
  3 electric eels
  5 howler monkeys
  7 crimson imps
  2 quasits
  A bullfrog zombie (D:6)
  2 centaur skeletons
  5 hounds
  7 jellies
  Crazy Yiuf (D:5)
  23 orc priests
  12 orc wizards
  4 iguanas
  Natasha (thrice) (D:4)
  6 hell rats
  6 worker ants
  A killer bee zombie (D:3)
  6 big kobold zombies (Ossuary)
  2 hound skeletons
  2 mummies (Ossuary)
  6 river rats
  21 adders
  A shadow imp (D:8)
  An ooze (D:4)
  3 adder skeletons
  3 adder zombies
  2 worms (D:3)
  A dart slug (D:1)
  4 leopard geckos
  97 orcs
  7 giant cockroaches
  2 gnoll zombies (Ossuary)
  12 hobgoblins
  12 jackals
  19 kobolds
  5 quokkas
  8 ball pythons
  A ball python skeleton (D:5)
  8 bats
  6 frilled lizards
  9 goblins
  2 hobgoblin zombies (Ossuary)
  3 kobold zombies (Ossuary)
  9 orc zombies (Ossuary)
  13 rats
  3 fungi
  6 plants
725 creatures vanquished.

Vanquished Creatures (collateral kills)
  A blink frog (Lair:6)
  A plant (Lair:6)
2 creatures vanquished.

Vanquished Creatures (others)
  A centaur (D:11)
  An orc (D:8)
  16 fungi
  47 plants
65 creatures vanquished.

Grand Total: 792 creatures vanquished

Notes
Turn   | Place    | Note
-------+----------+-------------------------------------------
     0 | D:1      | nikopol the Minotaur Berserker began the quest for the Orb.
     0 | D:1      | Reached XP level 1. HP: 19/19 MP: 0/0
   545 | D:1      | Reached XP level 2. HP: 26/27 MP: 1/1
   563 | D:1      | Reached skill level 4 in Axes
  1041 | D:2      | Found a faded altar of an unknown god.
  1059 | D:2      | Reached XP level 3. HP: 33/33 MP: 2/2
  1061 | D:2      | Reached ** piety under Trog
  1446 | D:3      | Reached skill level 5 in Axes
  1538 | D:3      | Reached XP level 4. HP: 41/41 MP: 3/3
  1714 | D:3      | Reached XP level 5. HP: 47/47 MP: 4/4
  1716 | D:3      | Reached skill level 6 in Axes
  2704 | D:4      | Reached XP level 6. HP: 52/53 MP: 5/5
  2717 | D:4      | Reached *** piety under Trog
  2748 | D:4      | Reached skill level 7 in Axes
  2769 | D:4      | Reached XP level 7. HP: 41/60 MP: 6/6
  2853 | D:4      | Noticed Natasha
  2857 | D:4      | Killed Natasha
  2857 | D:4      | Reached skill level 5 in Fighting
  3003 | D:4      | Noticed Natasha
  3008 | D:4      | Killed Natasha
  3026 | D:4      | Reached skill level 8 in Axes
  3083 | D:4      | Found a glowing drain.
  3087 | Sewer    | Entered a sewer
  3717 | D:4      | Found Poyleik's Assorted Antiques.
  3751 | D:4      | Noticed Natasha
  3757 | D:4      | Killed Natasha
  3757 | D:4      | Reached skill level 5 in Armour
  3914 | D:5      | Entered Level 5 of the Dungeon
  3971 | D:5      | Reached **** piety under Trog
  4159 | D:5      | Reached skill level 9 in Axes
  4249 | D:5      | Reached XP level 8. HP: 60/69 MP: 7/7
  4295 | D:5      | Found a runed door.
  4384 | D:5      | Noticed Crazy Yiuf
  4390 | D:5      | Killed Crazy Yiuf
  4932 | D:6      | Reached skill level 10 in Axes
  5097 | D:6      | Found a bloodstained altar of Trog.
  5237 | D:7      | Reached skill level 11 in Axes
  5342 | D:7      | Reached XP level 9. HP: 35/75 MP: 8/8
  5787 | D:7      | Reached skill level 1 in Bows
  5830 | D:7      | Found a staircase to the Ecumenical Temple.
  5862 | D:7      | Reached ***** piety under Trog
  5862 | D:7      | Reached skill level 12 in Axes
  6141 | D:8      | Noticed Joseph
  6147 | D:8      | Noticed Psyche
  6150 | D:8      | Killed Joseph
  6157 | D:8      | Killed Psyche
  6329 | D:8      | Found a sand-covered staircase.
  6334 | Ossuary  | Entered an ossuary
  6389 | Ossuary  | Reached skill level 5 in Bows
  6508 | Ossuary  | Received a gift from Trog
  6685 | D:8      | Reached XP level 10. HP: 86/86 MP: 9/9
  6952 | D:8      | Noticed Maurice
  6962 | D:8      | Killed Maurice
  6962 | D:8      | Reached skill level 13 in Axes
  7209 | D:8      | Reached skill level 1 in Stealth
  7212 | D:8      | Received a gift from Trog
  7325 | D:9      | Noticed a two-headed ogre
  7334 | D:9      | Killed a two-headed ogre
  7369 | D:9      | Noticed a two-headed ogre
  7377 | D:9      | Killed a two-headed ogre
  7377 | D:9      | Reached skill level 14 in Axes
  8013 | D:10     | Entered Level 10 of the Dungeon
  8013 | D:10     | Found Wuzod's Jewellery Boutique.
  8073 | D:10     | Reached XP level 11. HP: 94/94 MP: 10/10
  8276 | D:10     | Reached skill level 5 in Dodging
  8533 | D:10     | Got a fine ring mail
  8544 | D:10     | Identified the +2 ring mail "Mitof" {rC+ MR+} (You found it
                  | on level 10 of the Dungeon)
  8696 | D:11     | Found a staircase to the Lair.
  8698 | D:11     | Received a gift from Trog
  8838 | D:11     | Found a shattered altar of Ashenzari.
  9153 | D:11     | Killed an unseen horror
  9534 | D:11     | Killed an unseen horror
  9778 | D:11     | Got a faintly glowing ring mail
  9790 | D:11     | Identified the +5 ring mail of Existentialism {rN+ MR+}
                  | (You found it on level 11 of the Dungeon)
  9832 | D:11     | Found a staircase to the Orcish Mines.
  9919 | D:11     | Reached skill level 10 in Bows
  9922 | D:11     | Reached skill level 15 in Axes
 10184 | D:11     | Received a gift from Trog
 10425 | Lair:1   | Entered Level 1 of the Lair of Beasts
 10897 | Lair:1   | Noticed Erica
 10911 | Lair:1   | Killed Erica
 10911 | Lair:1   | Reached XP level 12. HP: 47/105 MP: 11/11
 12533 | Lair:2   | Noticed a four-headed hydra
 12545 | Lair:2   | Killed a four-headed hydra
 12762 | Lair:2   | Found a staircase to the Swamp.
 13182 | Lair:3   | Reached skill level 10 in Fighting
 13195 | Lair:3   | Found a staircase to the Snake Pit.
 13382 | Lair:3   | Received a gift from Trog
 13396 | Lair:3   | Got a heavily runed iron ring
 13440 | Lair:3   | Identified the ring "Qimom" {MR+ Str+2 Dex+4} (You found it
                  | on level 3 of the Lair of Beasts)
 13598 | Lair:3   | Reached skill level 16 in Axes
 14714 | Lair:4   | Noticed an eight-headed hydra
 14721 | Lair:4   | Killed an eight-headed hydra
 14721 | Lair:4   | Received a gift from Trog
 14721 | Lair:4   | Reached XP level 13. HP: 114/114 MP: 12/12
 14752 | Lair:4   | Reached ****** piety under Trog
 15395 | Lair:5   | Identified the Catalogue of Flight and Contamination
 15452 | Lair:5   | Received a gift from Trog
 15785 | Lair:5   | Found a viscous altar of Jiyva.
 15786 | Lair:5   | Found a staircase to the Slime Pits.
 16020 | Lair:5   | Received a gift from Trog
 16252 | Lair:6   | Entered Level 6 of the Lair of Beasts
 16598 | Lair:6   | Found the cursed necklace of Bloodlust {*Rage +Rage MR++
                  | Int-3 Slay+6 *Curse}
 16605 | Lair:6   | Reached skill level 17 in Axes
 16619 | Lair:6   | Reached XP level 14. HP: 93/125 MP: 13/13
 17145 | Lair:6   | Received a gift from Trog
 18769 | Orc:1    | Entered Level 1 of the Orcish Mines
 18820 | Orc:1    | Received a gift from Trog
 18963 | Orc:1    | Found Riveziah's Gadget Shop.
 19125 | Orc:1    | Upgraded the game from 0.23-a0-407-g92528d7 to
                  | 0.23-a0-408-g9d4b7ed
 19150 | Orc:1    | Reached skill level 15 in Bows
 19441 | Orc:2    | Entered Level 2 of the Orcish Mines
 19445 | Orc:2    | Noticed Erolcha
 19453 | Orc:2    | Killed Erolcha
 19466 | Orc:2    | Reached skill level 18 in Axes
 19620 | Orc:2    | Noticed Azrael
 19642 | Orc:2    | Killed Azrael
 20106 | Orc:2    | Received a gift from Trog
 20375 | Orc:2    | Found a staircase to the Elven Halls.
 20561 | Orc:2    | Received a gift from Trog
 20572 | Orc:2    | Found Ruriacuk's Magic Scroll Shoppe.
 20574 | Orc:2    | Found Pemoable's Food Emporium.
 20635 | Orc:2    | Bought a scroll of blinking for 90 gold pieces
 20775 | Orc:2    | Mangled by an orc knight

Vault maps used:
D:1:      dpeg_arrival_long_road
D:2:      chequers_ecumenical_altar_simple_redux, kennysheep_another_room
D:3:      kb_forest_paths
D:4:      gup_sewer_entry_spiral, serial_corexii_hall,
          corexii_hall_statues_deadend, corexii_hall_statues_u, serial_shops,
          nicolae_shop_behind_doors, uniq_natasha
D:5:      first_ration, grunt_ministairs_8, uniq_crazy_yiuf_cottage
D:6:      bloody_trog
D:7:      temple_pool_b
D:8:      enter_ossuary_5, grunt_livestock, kennysheep_generic_room_3,
          uniq_psyche, uniq_maurice, uniq_joseph
D:9:      nrook_mini_vaults
D:10:     serial_shops, shop
D:11:     lair_entry_dummy, hiddenorc1_lemuel, basic_altar, special_room
Lair:1:   grunt_forest_stairs_basic, beast_lair_carwin_6, wad_woods_river_01,
          uniq_erica
Lair:2:   nicolae_swamp_entry_splash_gauntlet, grunt_megastairs_2
Lair:3:   minmay_snake_entry_six_corridors, chequers_serial_rivers_micro_e,
          bh_autumn_forest_stairs, cheibrodos_lair_caveside_slide,
          kennysheep_abandoned_house
Lair:4:   st_stairs_8, grunt_megastairs_4, lemuel_fruit_tree
Lair:5:   slime_altar_1, nzn_random_ring
Lair:6:   minmay_lair_end_frog_pond
Orc:1:    nicolae_orc_accident_1, serial_shops, shop
Orc:2:    pf_orc_diabolical, uniq_erolcha, uniq_azrael
Sewer:    sewer_co_scattered_pipes
Ossuary:  ossuary_tomb_2

Skill      XL: |  1  2  3  4  5  6  7  8  9 10 11 12 13 14 |
---------------+-------------------------------------------+-----
Axes           | 4 5 6 7 9 11 12 14 15 16 17 18 | 18.1
Fighting       | 4 5 6 7 8 9 10 11 13 | 13.2
Armour         | 3 4 5 6 7 8 9 |  9.3
Dodging        | 3 4 5 6 7 |  7.1
Bows           | 5 7 10 12 14 15 | 15.6
Stealth        | 1 |  1.9

Action                   |  1- 3 |  4- 6 |  7- 9 | 10-12 | 13-15 || total
-------------------------+-------+-------+-------+-------+-------++-------
Melee: Hand axe          |    69 |   110 |   165 |       |       ||   344
       Headbutt          |    10 |    13 |    71 |    94 |    77 ||   265
       War axe           |       |       |   197 |   469 |   297 ||   963
       Shortbow          |       |       |       |     1 |       ||     1
       Broad axe         |       |       |       |       |    37 ||    37
 Fire: Shortbow          |       |       |    24 |   411 |   524 ||   959
       Longbow           |       |       |       |       |    10 ||    10
Invok: Berserk           |       |     2 |     2 |     6 |     3 ||    13
  Use: Scroll            |       |     5 |     7 |     5 |     8 ||    25
  Eat: Chunk             |     2 |     5 |    15 |    24 |    16 ||    62
       Ration            |       |       |       |     3 |     1 ||     4
Armor: Scale mail        |    30 |    48 |   143 |    45 |       ||   266
       Animal skin       |     1 |       |       |       |       ||     1
       Ring mail         |       |       |       |   146 |   115 ||   261
Dodge: Dodged            |    41 |    71 |   129 |   233 |   218 ||   692
Block: Other             |       |       |    35 |    85 |    66 ||   186
       Reflection        |       |       |     2 |     7 |     1 ||    10

Table legend:
 A = Non-vault XP
 B = Vault XP
 C = Vault XP percentage of total XP
 D = Non-vault monster count
 E = Vault monster count
 F = Vault count percentage of total count
                 A         B        C        D         E       F
            +---------+---------+-------+---------+---------+-------
      Total |   52424 |   39652 |  43.1 |     435 |     283 |  39.4
            +---------+---------+-------+---------+---------+-------
        D:1 |      14 |       0 |   0.0 |       8 |       0 |   0.0
        D:2 |      34 |       0 |   0.0 |      22 |       0 |   0.0
        D:3 |     219 |      22 |   9.1 |      34 |       6 |  15.0
        D:4 |     617 |      72 |  10.4 |      26 |       8 |  23.5
        D:5 |     639 |      91 |  12.5 |      15 |       5 |  25.0
        D:6 |     590 |       0 |   0.0 |      15 |       0 |   0.0
        D:7 |    1464 |       0 |   0.0 |      32 |       0 |   0.0
        D:8 |    1042 |    2369 |  69.5 |      26 |       8 |  23.5
        D:9 |    3322 |       0 |   0.0 |      27 |       0 |   0.0
       D:10 |    3502 |       0 |   0.0 |      39 |       0 |   0.0
       D:11 |    3302 |    2040 |  38.2 |      23 |      43 |  65.2
     Lair:1 |    1490 |    3465 |  69.9 |       8 |      13 |  61.9
     Lair:2 |    2615 |    1500 |  36.5 |      10 |       7 |  41.2
     Lair:3 |    2626 |    3202 |  54.9 |      12 |      33 |  73.3
     Lair:4 |    3574 |     996 |  21.8 |      13 |       2 |  13.3
     Lair:5 |    7523 |    3335 |  30.7 |      27 |       9 |  25.0
     Lair:6 |   14853 |   13321 |  47.3 |      45 |      47 |  51.1
      Orc:1 |    2640 |     527 |  16.6 |      23 |       4 |  14.8
      Orc:2 |    2358 |    8359 |  78.0 |      30 |      53 |  63.9
      Sewer |       0 |      52 | 100.0 |       0 |      18 | 100.0
    Ossuary |       0 |     301 | 100.0 |       0 |      27 | 100.0
            +---------+---------+-------+---------+---------+-------
